IL
COLUMBUS CLIPPERS @ DURHAM BULLS
05/12/2099
 
TOP OF THE 1ST
Columbus Clippers batting - Pitching for Durham Bulls : RHP Ricky Ratzlaff
Pitching: RHP Ricky Ratzlaff
Batting: RHB John Walko 0-0: Swinging Strike
0-1: Ground out 5-3 (Groundball, 56S, EV 64.4 MPH)
Batting: RHB Bill Foulon 0-0: Called Strike
0-1: Called Strike
0-2: Strikes out swinging
Batting: RHB Brian Ruble 0-0: Called Strike
0-1: Foul Ball, location: 23F
0-2: Fly out, F7 (Line Drive, 7LM, EV 92.5 MPH)
Top of the 1st over - 0 runs, 0 hits, 0 errors, 0 left on base; Columbus 0 - Durham 0
BOTTOM OF THE 1ST
Durham Bulls batting - Pitching for Columbus Clippers : RHP Paul Robinson
Pitching: RHP Paul Robinson
Batting: RHB Chris Castaneda 0-0: Bunt missed!
0-1: Ball
1-1: SINGLE (Line Drive, 3D, EV 96.3 MPH)
Batting: RHB A.J. Adair 0-0: Foul Ball, location: 2F
0-1: Ball
1-1: Ball
2-1: Fly out, F8 (Flyball, S3, EV 104.4 MPH)
Batting: RHB Pat Zinn 0-0: Called Strike
0-1: Swinging Strike
0-2: Ball
1-2: Strikes out looking
Batting: LHB Jose Meza 0-0: SINGLE (Flyball, 78S, EV 94.4 MPH)
Chris Castaneda to second
Batting: RHB Matt Collier 0-0: Called Strike
0-1: Ball
1-1: Swinging Strike
1-2: Ball
2-2: Foul Ball, location: 2F
2-2: Strikes out swinging
Bottom of the 1st over - 0 runs, 2 hits, 0 errors, 2 left on base; Columbus 0 - Durham 0
TOP OF THE 2ND
Columbus Clippers batting - Pitching for Durham Bulls : RHP Ricky Ratzlaff
Batting: LHB Donny Liebler 0-0: Called Strike
0-1: Ball
1-1: Foul Ball, location: 25F
1-2: Ball
2-2: Foul Ball, location: 2LF
2-2: Fly out, F8 (Flyball, 8RM, EV 91.9 MPH)
Batting: RHB Jeremy Brant 0-0: Ball
1-0: Swinging Strike
1-1: Swinging Strike
1-2: Strikes out looking
Batting: LHB Victor Zavala 0-0: Called Strike
0-1: Called Strike
0-2: Ball
1-2: Ball
2-2: Foul Ball, location: 7LSF
2-2: Foul Ball, location: 3FF
2-2: Ball
3-2: Foul Ball, location: 7LDF
3-2: Fly out, F8 (Flyball, 8LXD, EV 104.4 MPH)
Top of the 2nd over - 0 runs, 0 hits, 0 errors, 0 left on base; Columbus 0 - Durham 0
BOTTOM OF THE 2ND
Durham Bulls batting - Pitching for Columbus Clippers : RHP Paul Robinson
Batting: RHB Edgar Rivas 0-0: Ball
1-0: Swinging Strike
1-1: Ball
2-1: Swinging Strike
2-2: Ground out 5-3 (Groundball, 56S, EV 71.9 MPH)
Batting: LHB Alex Flores 0-0: Called Strike
0-1: Called Strike
0-2: Strikes out looking
Batting: RHB Luis Rubio 0-0: Foul Ball, location: 2F
0-1: Ball
1-1: Swinging Strike
1-2: Ball
2-2: Ball
3-2: Strikes out looking
Bottom of the 2nd over - 0 runs, 0 hits, 0 errors, 0 left on base; Columbus 0 - Durham 0
TOP OF THE 3RD
Columbus Clippers batting - Pitching for Durham Bulls : RHP Ricky Ratzlaff
Batting: RHB Chris Hubert 0-0: Called Strike
0-1: Fly out, F4 (Line Drive, 4MD, EV 69.4 MPH)
Batting: RHB Matt Wescoat 0-0: Swinging Strike
0-1: Foul Ball, location: 25F
0-2: Strikes out looking
Batting: LHB Eduardo Olivarez 0-0: Ball
1-0: Called Strike
1-1: Ball
2-1: Ground out U3 (Groundball, 3, EV 90.0 MPH)
Top of the 3rd over - 0 runs, 0 hits, 0 errors, 0 left on base; Columbus 0 - Durham 0
BOTTOM OF THE 3RD
Durham Bulls batting - Pitching for Columbus Clippers : RHP Paul Robinson
Batting: RHB Edgar Guerrero 0-0: Called Strike
0-1: Ball
1-1: Called Strike
1-2: Ball
2-2: Ball
3-2: Base on Balls
Batting: RHB Chris Castaneda 0-0: Sac Bunt to 25 - play at second, runner OUT! 5-6
Batting: RHB A.J. Adair 0-0: Called Strike
Chris Castaneda steals 2nd base
0-1: Foul Ball, location: 2F
0-2: Foul Ball, location: 9LMF
0-2: Ball
1-2: Ball
2-2: Foul Ball, location: 2F
2-2: Foul Ball, location: 2F
2-2: Fly out, F3 (Popup, 3S, EV 81.9 MPH)
Batting: RHB Pat Zinn 0-0: Ball
1-0: Ball
2-0: Foul Ball, location: 3DF
2-1: SINGLE (Groundball, 4MD, EV 101.9 MPH)
Chris Castaneda to third
Runner from 3rd tries for Home, SAFE, throw by CF to home
Batting: LHB Jose Meza 0-0: Called Strike
0-1: Ball
1-1: Ball
2-1: DOUBLE (Flyball, 8RXD, EV 102.5 MPH)
Pat Zinn to third
Runner from 3rd tries for Home, SAFE, throw by CF to trailing runner, OUT at third! 8-3-5
Bottom of the 3rd over - 2 runs, 2 hits, 0 errors, 0 left on base; Columbus 0 - Durham 2
TOP OF THE 4TH
Columbus Clippers batting - Pitching for Durham Bulls : RHP Ricky Ratzlaff
Batting: RHB John Walko 0-0: Foul Ball, location: 5F
0-1: Foul Ball, location: 7LMF
0-2: Ball
1-2: Foul Ball, location: 2F
1-2: Ball
2-2: DOUBLE (Line Drive, 8RD, EV 100.6 MPH)
Batting: RHB Bill Foulon 0-0: Called Strike
0-1: Foul Ball, location: 3F
0-2: Fly out, F6 (Line Drive, 6, EV 66.3 MPH)
Batting: RHB Brian Ruble 0-0: Ball
1-0: Ball
2-0: Called Strike
2-1: Swinging Strike
2-2: Ball
Wild Pitch!
John Walko to third
3-2: Base on Balls
Batting: LHB Donny Liebler 0-0: Ball
1-0: Called Strike
1-1: Fly out, F7 (Flyball, 7, EV 92.5 MPH)
Runner from 3rd tags up, SCORES, no throw by LF
Batting: RHB Jeremy Brant 0-0: Ball
1-0: SINGLE (Line Drive, 4D, EV 106.3 MPH)
Brian Ruble to second
Runner from 2nd tries for 3rd, SAFE, throw by RF made to third
Batting: LHB Victor Zavala 0-0: Called Strike
0-1: Foul Ball, location: 3F
0-2: Strikes out swinging
Top of the 4th over - 1 run, 2 hits, 0 errors, 2 left on base; Columbus 1 - Durham 2
BOTTOM OF THE 4TH
Durham Bulls batting - Pitching for Columbus Clippers : RHP Paul Robinson
Batting: RHB Matt Collier 0-0: Ball
1-0: Called Strike
1-1: Foul Ball, location: 3F
1-2: Ball
2-2: Ball
3-2: Foul Ball, location: 2F
3-2: Fly out, F9 (Flyball, 9LS, EV 82.5 MPH)
Batting: RHB Edgar Rivas 0-0: Ball
1-0: Fly out, F8 (Flyball, 8LD, EV 105.6 MPH)
Batting: LHB Alex Flores 0-0: Ball
1-0: Ball
2-0: Called Strike
2-1: Ball
3-1: Ground out 4-3 (Groundball, 4, EV 105.0 MPH)
Bottom of the 4th over - 0 runs, 0 hits, 0 errors, 0 left on base; Columbus 1 - Durham 2
TOP OF THE 5TH
Columbus Clippers batting - Pitching for Durham Bulls : RHP Ricky Ratzlaff
Batting: RHB Chris Hubert 0-0: Swinging Strike
0-1: Foul Ball, location: 23FF
0-2: Ball
1-2: Strikes out swinging
Batting: RHB Matt Wescoat 0-0: Ball
1-0: Called Strike
1-1: Ball
2-1: Ball
3-1: Foul Ball, location: 3FF
3-2: Foul Ball, location: 2F
3-2: Strikes out swinging
Batting: LHB Eduardo Olivarez 0-0: Ball
1-0: Ground out 6-3 (Groundball, 56, EV 101.9 MPH)
Top of the 5th over - 0 runs, 0 hits, 0 errors, 0 left on base; Columbus 1 - Durham 2
BOTTOM OF THE 5TH
Durham Bulls batting - Pitching for Columbus Clippers : RHP Paul Robinson
Batting: RHB Luis Rubio 0-0: Ball
1-0: Ball
2-0: Ball
3-0: Called Strike
3-1: Foul Ball, location: 2RF
3-2: Foul Ball, location: 2F
3-2: Base on Balls
Batting: RHB Edgar Guerrero 0-0: Swinging Strike
0-1: Swinging Strike
0-2: Ball
Luis Rubio steals 2nd base
1-2: Strikes out swinging
Batting: RHB Chris Castaneda 0-0: Foul Ball, location: 5SF
0-1: Ball
1-1: Ball
2-1: Ground out 5-3 (Groundball, 56, EV 100.0 MPH)
Batting: RHB A.J. Adair 0-0: Foul Ball, location: 5F
0-1: Ball
1-1: Foul Ball, location: 23F
1-2: Foul Ball, location: 5FF
1-2: Foul Ball, location: 2F
1-2: Fly out, F8 (Flyball, 8LD, EV 110.6 MPH)
Bottom of the 5th over - 0 runs, 0 hits, 0 errors, 1 left on base; Columbus 1 - Durham 2
TOP OF THE 6TH
Columbus Clippers batting - Pitching for Durham Bulls : RHP Ricky Ratzlaff
Batting: RHB John Walko 0-0: Ball
1-0: Ball
2-0: Called Strike
2-1: Fly out, F7 (Line Drive, 78D, EV 93.1 MPH)
Batting: RHB Bill Foulon 0-0: Swinging Strike
0-1: Foul Ball, location: 2F
0-2: Strikes out looking
Batting: RHB Brian Ruble 0-0: Ball
1-0: Called Strike
1-1: Ball
2-1: Fly out, F8 (Line Drive, 8LM, EV 95.0 MPH)
Top of the 6th over - 0 runs, 0 hits, 0 errors, 0 left on base; Columbus 1 - Durham 2
BOTTOM OF THE 6TH
Durham Bulls batting - Pitching for Columbus Clippers : RHP Paul Robinson
Batting: RHB Pat Zinn 0-0: Ball
1-0: Ball
2-0: Ground out 5-3 (Groundball, 56, EV 88.8 MPH)
Batting: LHB Jose Meza 0-0: Ball
1-0: Ball
2-0: Fly out, F7 (Flyball, 7D, EV 111.9 MPH)
Batting: RHB Matt Collier 0-0: Ball
1-0: Called Strike
1-1: Ball
2-1: Foul Ball, location: 5FF
2-2: Strikes out swinging
Bottom of the 6th over - 0 runs, 0 hits, 0 errors, 0 left on base; Columbus 1 - Durham 2
TOP OF THE 7TH
Columbus Clippers batting - Pitching for Durham Bulls : RHP Ricky Ratzlaff
Batting: LHB Donny Liebler 0-0: Called Strike
0-1: Ball
1-1: Swinging Strike
1-2: Strikes out swinging
Batting: RHB Jeremy Brant 0-0: Ball
1-0: Ball
2-0: Ball
3-0: Base on Balls
Batting: LHB Victor Zavala 0-0: Swinging Strike
0-1: Ball
Jeremy Brant steals 2nd base
1-1: Swinging Strike
1-2: Strikes out swinging
Pinch Hitting: LHB Zachary Moody 0-0: Foul Ball, location: 9LDF
0-1: Called Strike
0-2: Ball
1-2: Ball
2-2: Ball
3-2: Foul Ball, location: 3F
3-2: Base on Balls
Batting: RHB Matt Wescoat 0-0: Ball
1-0: SINGLE (Line Drive, 8RS, EV 96.9 MPH)
Jeremy Brant to third
Zachary Moody to second
Runner from 3rd tries for Home, SAFE, throw by CF to home
Batting: LHB Eduardo Olivarez 0-0: Swinging Strike
0-1: Swinging Strike
0-2: Ball
1-2: Strikes out swinging
Top of the 7th over - 1 run, 1 hit, 0 errors, 2 left on base; Columbus 2 - Durham 2
BOTTOM OF THE 7TH
Durham Bulls batting - Pitching for Columbus Clippers : RHP Paul Robinson
Now at 1B: Zachary Moody
Now at 3B: Brian Ruble
Batting: RHB Edgar Rivas 0-0: Foul Ball, location: 7LSF
0-1: Ball
1-1: Ball
2-1: Swinging Strike
2-2: Ground out 4-3 (Groundball, 4, EV 81.3 MPH)
Batting: LHB Alex Flores 0-0: Ball
1-0: Swinging Strike
1-1: Foul Ball, location: 2F
1-2: Ball
2-2: SINGLE (Groundball, 6S, EV 65.0 MPH) (infield hit)
Pitching: RHP Gregg Peterson
Batting: RHB Luis Rubio 0-0: Ball
1-0: Ball
2-0: Foul Ball, location: 9LDF
2-1: Grounds into double play, 6-4-3 (Groundball, 6, EV 105.0 MPH)
Bottom of the 7th over - 0 runs, 1 hit, 0 errors, 0 left on base; Columbus 2 - Durham 2
TOP OF THE 8TH
Columbus Clippers batting - Pitching for Durham Bulls : RHP Ricky Ratzlaff
Pitching: RHP Paul Joyce
Batting: RHB John Walko 0-0: Ground out 6-3 (Groundball, 6, EV 105.6 MPH)
Batting: RHB Bill Foulon 0-0: Foul Ball, location: 5F
0-1: Ball
1-1: Swinging Strike
1-2: SINGLE (Groundball, 4S, EV 72.5 MPH) (infield hit)
Batting: RHB Brian Ruble 0-0: Ball
1-0: Grounds into double play, 5-4-3 (Groundball, 56, EV 83.8 MPH)
Top of the 8th over - 0 runs, 1 hit, 0 errors, 0 left on base; Columbus 2 - Durham 2
BOTTOM OF THE 8TH
Durham Bulls batting - Pitching for Columbus Clippers : RHP Gregg Peterson
Pitching: RHP Raul Cano
Batting: RHB Edgar Guerrero 0-0: Ball
1-0: Ball
2-0: Called Strike
2-1: Swinging Strike
2-2: Strikes out swinging
Pinch Hitting: LHB Xavier Longoria 0-0: Ball
1-0: Ball
2-0: Called Strike
2-1: Ball
3-1: Fly out, F9 (Flyball, 9, EV 78.8 MPH)
Batting: RHB A.J. Adair 0-0: Ball
1-0: Ball
2-0: Ball
3-0: Base on Balls
Batting: RHB Pat Zinn 0-0: Ball
1-0: Swinging Strike
1-1: Foul Ball, location: 5FF
1-2: Foul Ball, location: 2F
1-2: Ball
2-2: Foul Ball, location: 2RF
2-2: Ball
3-2: Foul Ball, location: 2F
3-2: Strikes out swinging
Bottom of the 8th over - 0 runs, 0 hits, 0 errors, 1 left on base; Columbus 2 - Durham 2
TOP OF THE 9TH
Columbus Clippers batting - Pitching for Durham Bulls : RHP Paul Joyce
Now at 1B: Daniel Rodriguez
Now at SS: Matt Collier
Batting: LHB Donny Liebler 0-0: Swinging Strike
0-1: Ball
1-1: Foul Ball, location: 25F
1-2: Strikes out swinging
Batting: RHB Jeremy Brant 0-0: Ball
1-0: Ball
2-0: Ball
3-0: Called Strike
3-1: Swinging Strike
3-2: Foul Ball, location: 9LMF
3-2: Base on Balls
Batting: LHB Victor Zavala 0-0: Called Strike
Jeremy Brant is caught stealing 2nd base 2-6
0-1: Swinging Strike
0-2: Ball
1-2: DOUBLE (Flyball, 8LXD, EV 96.3 MPH)
Batting: LHB Zachary Moody 0-0: Intentional Walk
Batting: RHB Matt Wescoat 0-0: Ball
1-0: Called Strike
1-1: Called Strike
1-2: Strikes out looking
Top of the 9th over - 0 runs, 1 hit, 0 errors, 2 left on base; Columbus 2 - Durham 2
BOTTOM OF THE 9TH
Durham Bulls batting - Pitching for Columbus Clippers : RHP Raul Cano
Batting: LHB Jose Meza 0-0: Ball
1-0: Fly out, F7 (Flyball, 7, EV 95.6 MPH)
Batting: RHB Matt Collier 0-0: Called Strike
0-1: Swinging Strike
0-2: Ball
1-2: Fly out, F9 (Line Drive, 9, EV 93.8 MPH)
Batting: RHB Edgar Rivas 0-0: Called Strike
0-1: Ball
1-1: Swinging Strike
1-2: Strikes out looking
Bottom of the 9th over - 0 runs, 0 hits, 0 errors, 0 left on base; Columbus 2 - Durham 2
TOP OF THE 10TH
Columbus Clippers batting - Pitching for Durham Bulls : RHP Paul Joyce
Matt Wescoat starts the inning at 2nd base.
Pitching: RHP Pat Coppinger
Batting: LHB Eduardo Olivarez 0-0: Ball
1-0: Bunt missed!
1-1: Bunt missed!
1-2: DOUBLE (Groundball, 5L, EV 98.1 MPH)
Matt Wescoat scores
Batting: RHB John Walko 0-0: Ball
1-0: Ground out 5-3 (Groundball, 56, EV 83.1 MPH)
Batting: RHB Bill Foulon 0-0: Foul Ball, location: 7LMF
0-1: Fly out, F5 (Popup, 25F, EV 86.3 MPH)
Batting: RHB Brian Ruble 0-0: Ball
1-0: Foul Ball, location: 5FF
1-1: Ball
2-1: Called Strike
2-2: Strikes out swinging
Top of the 10th over - 1 run, 1 hit, 0 errors, 1 left on base; Columbus 3 - Durham 2
BOTTOM OF THE 10TH
Durham Bulls batting - Pitching for Columbus Clippers : RHP Raul Cano
Edgar Rivas starts the inning at 2nd base.
Now in LF: Victor Zavala
Now in CF: Alex Avelar
Batting: LHB Alex Flores 0-0: Fly out, F9 (Flyball, 89D, EV 107.5 MPH)
Pinch Hitting: LHB Adam Jensen 0-0: Ball
1-0: Ball
2-0: Ball
3-0: Called Strike
3-1: Foul Ball, location: 2F
3-2: Strikes out swinging
Batting: RHB Edgar Guerrero 0-0: Ball
1-0: Ball
2-0: Foul Ball, location: 5FF
2-1: Foul Ball, location: 9LSF
2-2: Foul Ball, location: 2F
2-2: Foul Ball, location: 2F
2-2: Foul Ball, location: 7LDF
2-2: Fly out, F8 (Flyball, 8RXD, EV 99.4 MPH)
Bottom of the 10th over - 0 runs, 0 hits, 0 errors, 1 left on base; Columbus 3 - Durham 2
Monday, May 6th , 2024 - OOTP Baseball 24.11 Build 85